Map: Ley Lines

Players

sebesdes - Winner!

  • Race: Protoss Protoss
  • League: Master
  • Spawn Location: 1:00

Kelazhur

  • Race: Terran Terran
  • League: Master
  • Spawn Location: 7:00

Event: HomeStory Cup XXVII

VOD

Have the link to the VOD?

Description

Time

  • Played on: June 28, 2025, 1 p.m.
  • Length: 13:35

All games in this series

Show
View Real Time Build Order
Export as new Build Order

sebesdes Protoss - Winner!

Build Orders: 1 Gate Expand, Blink Stalkers 

Get SALT Encoding   

  12  0:00  Probe  
  13  0:12  Probe  
  14  0:16  Pylon  
  14  0:23  Probe  
  15  0:31  Probe  
  15  0:38  Gateway  
  15  0:39  Probe  
  16  0:45  Assimilator  
  17  0:50  Probe  
  18  1:03  Probe  
  19  1:15  Probe  
  20  1:25  Cybernetics Core  
  20  1:33  Nexus  
  20  1:35  Probe  
  21  1:43  Pylon  
  21  1:47  Probe  
  21  1:51  Assimilator, Adept  
  22  2:00  Probe  
  25  2:03  Warp Gate  
  25  2:12  Probe  
  26  2:16  Adept  
  26  2:20  Twilight Council  
  26  2:24  Probe  
  29  2:36  Probe  
  29  2:40  Blink  
  29  2:41  Probe  
  29  2:43  Stalker  
  29  2:48  Probe  
  29  2:49  Probe  
  34  3:00  Probe  
  34  3:01  Probe  
  36  3:05  Shield Battery  
  36  3:12  Probe  
  37  3:13  Probe  
  38  3:20  Gateway  
  38  3:24  Probe  
  39  3:30  Robotics Facility  
  39  3:32  Probe  
  40  3:37  Pylon  
  40  3:38  Probe  
  41  3:42  Gateway  
  41  3:44  Probe  
  42  3:51  Stalker  
  42  3:52  Probe  
  45  3:58  Probe  
  45  4:01  Assimilator  
  46  4:04  Probe  
  46  4:05  Pylon  
  47  4:10  Probe  
  47  4:14  Stalker  
  47  4:15  Stalker  
  47  4:17  Probe  
  53  4:18  Observer  
  53  4:22  Pylon  
  53  4:23  Probe  
  55  4:37  Stalker x2  
  59  4:45  Stalker  
  61  4:50  Nexus  
  61  4:53  Pylon  
  61  4:56  Observer  
  61  4:59  Probe x2  
  64  5:03  Stalker  
  64  5:04  Stalker  
  68  5:10  Probe x2  
  68  5:11  Pylon  
  70  5:18  Probe x2  
  68  5:23  Charge  
  68  5:24  Forge  
  68  5:26  Probe  
  68  5:33  Probe  
  67  5:37  Protoss Ground Weapons Level 1  
  67  5:38  Probe  
  67  5:42  Stalker x2  
  72  5:45  Probe  
  72  5:48  Probe  
  72  5:49  Gateway  
  72  5:50  Gateway  
  72  5:53  Probe  
  72  5:56  Probe  
  73  5:59  Probe  
  73  6:00  Robotics Bay  
  73  6:02  Probe, Sentry  
  78  6:04  Probe  
  78  6:06  Gateway  
  78  6:08  Probe  
  79  6:13  Probe  
  79  6:16  Probe  
  79  6:18  Probe  
  80  6:22  Sentry  
  80  6:25  Probe  
  84  6:31  Pylon  
  84  6:33  Gateway  
  84  6:35  Gateway  
  84  6:40  Probe  
  84  6:41  Colossus  
  84  6:42  Pylon  
  84  6:43  Zealot x2  
  84  6:44  Zealot  
  84  6:45  Probe  
  92  6:47  Assimilator, Zealot x2  
  102  7:01  Stalker  
  103  7:04  Stalker x2  
  103  7:08  Stalker  
  109  7:13  Pylon  
  109  7:16  Nexus  
  109  7:23  Extended Thermal Lance  
  109  7:26  Pylon  
  109  7:32  Colossus, Zealot x4  
  111  7:40  Pylon  
  111  7:41  Zealot x4  
  111  7:43  Protoss Ground Weapons Level 2  
  105  7:53  Zealot x3  
  111  7:59  Observer  
  111  8:00  Nexus  
  107  8:10  Probe  
  107  8:11  Zealot  
  107  8:12  Zealot x3  
  114  8:13  Probe  
  114  8:15  Zealot x2  
  114  8:16  Forge  
  114  8:17  Zealot  
  114  8:19  Colossus  
  121  8:22  Sentry  
  123  8:30  Probe  
  128  8:35  Zealot  
  128  8:36  Zealot x2  
  114  8:51  Stalker x4  
  106  8:56  Protoss Ground Armor Level 1  
  106  8:58  Zealot x3  
  112  9:07  Probe  
  112  9:09  Warp Prism  
  111  9:10  Stalker  
  115  9:17  Zealot x4  
  115  9:18  Zealot x2  
  115  9:20  Probe x2  
  115  9:23  Probe  
  130  9:24  Zealot  
  108  9:40  Zealot x6  
  114  9:46  Zealot x2  
  114  9:49  Colossus  
  124  10:02  Stalker x2  
  124  10:03  Stalker x3, Zealot  
  136  10:07  Zealot x2  
  136  10:13  Protoss Ground Weapons Level 3  
  134  10:25  Zealot  
  134  10:28  Zealot x5  
  134  10:29  Zealot  
  147  10:35  Probe  
  147  10:37  Robotics Facility  
  143  10:47  Pylon  
  143  10:48  Colossus, Pylon  
  143  10:58  Zealot x2  
  143  11:01  Stalker  
  145  11:07  Zealot x2  
  123  11:17  Zealot x4  
  115  11:22  Colossus  
  114  11:26  Zealot x4  
  114  11:27  Colossus  
  119  11:33  Gateway  
  119  11:35  Gateway  
  119  11:38  Gateway  
  119  11:39  Zealot x4  
  133  11:48  Zealot x2  
  133  11:50  Zealot  
  133  11:52  Sentry  
  141  11:55  Pylon  
  141  12:00  Pylon  
  141  12:02  Nexus  
  141  12:07  Stalker, Zealot x3  
  149  12:11  Warp Prism  
  137  12:36  Colossus, Zealot x2  
  137  12:37  Zealot x9  
  125  12:55  Probe  
  126  13:00  Stalker x4  
  126  13:01  Zealot x4  
  126  13:02  Sentry  
  128  13:21  Zealot  
  128  13:22  Zealot x5  
  128  13:26  Zealot  
  128  13:27  Zealot x4  
Show
View Real Time Build Order
Export as new Build Order

Kelazhur Terran 

Build Orders:  

Get SALT Encoding   

  12  0:00  SCV  
  13  0:12  SCV  
  14  0:16  Supply Depot  
  14  0:24  SCV  
  15  0:38  Barracks, SCV  
  15  0:42  Refinery  
  16  0:50  SCV  
  16  0:51  Refinery  
  17  1:02  SCV  
  18  1:14  SCV  
  19  1:25  Reaper  
  20  1:26  Orbital Command  
  20  1:38  Supply Depot  
  20  1:41  Factory  
  20  1:52  SCV  
  21  1:57  Reaper  
  22  2:04  SCV  
  23  2:15  Command Center  
  23  2:18  SCV  
  24  2:25  Hellion  
  26  2:31  Reaper  
  26  2:33  Supply Depot  
  26  2:34  SCV  
  28  2:42  Starport  
  28  2:46  SCV  
  28  2:50  Hellion  
  31  2:58  SCV  
  31  3:03  Barracks Reactor  
  32  3:11  SCV  
  32  3:12  Factory Tech Lab  
  33  3:23  Starport Tech Lab  
  33  3:27  SCV  
  33  3:30  Orbital Command  
  33  3:32  Siege Tank  
  37  3:39  SCV  
  37  3:40  Marine x2  
  40  3:42  Barracks  
  40  3:46  Banshee  
  43  3:51  SCV  
  44  3:58  Marine x2  
  44  4:00  SCV  
  47  4:03  SCV  
  47  4:04  Supply Depot  
  47  4:07  Siege Tank  
  51  4:12  SCV  
  51  4:16  SCV  
  53  4:17  Marine  
  53  4:18  Supply Depot  
  54  4:25  Marine  
  54  4:26  SCV  
  54  4:30  SCV  
  57  4:38  SCV  
  61  4:44  SCV  
  62  4:50  Supply Depot  
  62  4:51  Refinery x2, Siege Tank  
  62  4:52  Marine x2  
  65  4:53  Barracks  
  65  4:59  SCV  
  66  5:00  SCV  
  66  5:06  Marine  
  67  5:07  Stimpack  
  67  5:08  Starport Reactor  
  67  5:12  SCV x2  
  69  5:20  Marine x2  
  69  5:24  SCV x2  
  68  5:32  Marauder  
  68  5:36  SCV x2  
  68  5:38  Command Center  
  68  5:39  Factory Reactor, Marine x2  
  72  5:46  Engineering Bay  
  72  5:48  SCV x2, Medivac  
  72  5:49  Medivac  
  78  5:52  Supply Depot  
  78  5:58  Supply Depot  
  78  6:02  Combat Shield  
  78  6:13  Marine x2  
  78  6:14  Marauder x2  
  81  6:21  Terran Infantry Weapons Level 1  
  81  6:32  Barracks  
  81  6:33  Barracks, SCV x2  
  81  6:36  Marauder, Marine x2  
  81  6:37  Marauder  
  89  6:44  Widow Mine x2  
  93  6:49  Orbital Command, Medivac x2  
  96  6:59  Marine x2  
  96  7:00  Marauder x2, Concussive Shells  
  102  7:05  Widow Mine x2  
  102  7:06  SCV x2  
  108  7:15  Orbital Command  
  108  7:17  Armory  
  108  7:18  SCV x2  
  108  7:19  Engineering Bay  
  108  7:21  Supply Depot  
  110  7:27  Marauder x2  
  112  7:30  SCV x2  
  112  7:32  Marine, Barracks Tech Lab, Barracks Reactor  
  111  7:39  Marine  
  111  7:43  Widow Mine  
  101  7:48  Marauder  
  101  7:49  Marauder  
  101  7:50  Marine  
  101  7:51  Marauder, SCV  
  106  7:52  SCV  
  106  7:54  Terran Infantry Armor Level 1  
  107  8:05  SCV  
  99  8:07  Marine  
  99  8:08  Marine, SCV x2  
  99  8:10  Marauder x2  
  99  8:11  Widow Mine  
  99  8:12  Marauder, Widow Mine  
  110  8:16  Bunker  
  110  8:17  Marine x2  
  112  8:20  Terran Infantry Weapons Level 2  
  112  8:23  SCV x2  
  114  8:27  Marine x2  
  114  8:31  Marauder, Medivac x2  
  122  8:36  SCV x2  
  122  8:37  SCV  
  122  8:40  Supply Depot  
  125  8:41  Marauder  
  125  8:42  Marine x2  
  116  8:54  Marauder x2  
  112  8:57  SCV x2  
  112  9:01  Medivac x2  
  118  9:03  Marauder, Marine, SCV  
  118  9:05  Marine x2  
  118  9:07  Widow Mine x2  
  126  9:10  Refinery  
  126  9:13  Refinery, Marine  
  126  9:15  Marauder x2  
  131  9:17  Supply Depot  
  131  9:20  Supply Depot, Ghost Academy  
  133  9:24  Marauder, Starport  
  133  9:25  Marine x2  
  133  9:28  Supply Depot x2  
  131  9:36  Marauder x2  
  115  9:41  Viking x2  
  115  9:44  Marine  
  104  9:45  Marauder  
  104  9:50  Marine x2  
  104  9:57  Marine  
  104  9:58  Marauder x2  
  109  10:00  Barracks  
  109  10:01  Barracks  
  109  10:02  Marine  
  109  10:05  Missile Turret  
  110  10:09  Viking x2  
  110  10:11  Marauder, Marine  
  116  10:18  Marine  
  116  10:19  Marauder x2  
  115  10:24  Viking x2  
  119  10:30  Marine  
  119  10:31  Marine  
  119  10:33  Marauder  
  121  10:38  Marine x2  
  121  10:41  Marauder x2  
  122  10:46  Viking  
  122  10:48  Marine  
  122  10:49  Marine  
  123  10:54  Marauder  
  123  10:56  Orbital Command, Marine  
  117  10:59  Viking  
  117  11:02  Marauder  
  115  11:07  Marauder  
  92  11:12  Marine x2  
  92  11:13  Marine  
  92  11:14  Marine  
  92  11:15  Marauder  
  93  11:23  Marauder  
  89  11:30  Marine x2  
  89  11:31  Marine x2  
  91  11:33  Medivac  
  91  11:35  Medivac  
  91  11:37  Marauder, Medivac  
  99  11:43  Medivac  
  99  11:45  Marauder  
  102  11:47  Widow Mine  
  102  11:49  SCV  
  102  11:51  Marine x2  
  102  11:52  Marine  
  102  11:53  Marine  
  110  11:55  Marauder  
  111  12:02  Marauder  
  111  12:06  Marauder  
  115  12:09  Marine x2  
  115  12:10  Marine  
  115  12:11  Viking  
  120  12:16  Marauder  
  120  12:17  Viking  
  119  12:23  Marauder  
  119  12:27  Marauder  
  95  12:38  Marauder  
  95  12:40  Marine x3  
  95  12:43  Marine  
  95  12:45  Marauder  
  95  12:49  Marauder  
  97  12:58  Marine x3  
  97  12:59  Marauder  
  98  13:06  Marauder  
  98  13:10  Marauder  
Tags
 
Add a new tag
Caveats
  • Supply blocks, unpowered buildings, or Contaminate may cause inaccurate times.
  • Supply counts are checked every 10 seconds.